 Dungeon Crawl Stone Soup version 0.30.0-19-g36f170ea60 (webtiles) character file.

Game seed: 9202433979347005338

98 suipiss the Gusty (level 4, -1/24 HPs)
             Began as a Deep Elf Air Elementalist on June 1, 2023.
             Slain by a bullfrog (8 damage)
             ... in a sewer.
             The game lasted 00:08:38 (2233 turns).

suipiss the Gusty (Deep Elf Air Elementalist)       Turns: 2233, Time: 00:08:38

Health: -1/24      AC:  2    Str:  7    XL:     4   Next: 44%
Magic:  2/11       EV: 13    Int: 20    God:
Gold:   80         SH:  0    Dex: 15    Spells: 7/10 levels left

rFire   . . .        c - +0 short sword
rCold   . . .        d - orb {*Rage}
rNeg    . . .        a - +0 robe
rPois   .            (no helmet)
rElec   .            (no cloak)
rCorr   .            (no gloves)
SInv    .            (no boots)
Will    .....        (no amulet)
Stlth   ++           (no ring)
HPRegen 0.24/turn    (no ring)
MPRegen 0.12/turn

%: random rage (20%)
@: very slightly contaminated, hasted, very quick
A: no striking features
a: no special abilities


You were in a sewer.
You visited 1 branch of the dungeon, and saw 4 of its levels.
You also visited: Sewer.

You collected 80 gold pieces.

Inventory:

Hand Weapons
 c - a +0 short sword (weapon)
 h - a +0 long sword
 p - a +0 quarterstaff
Armour
 a - a +0 robe (worn)
 d - an orb of wrath (worn)
Jewellery
 e - a ring of fire
 j - a ring of protection from fire
 n - an amulet of the acrobat
Wands
 m - a wand of polymorph (7)
Scrolls
 i - a scroll of teleportation
 l - a scroll of fear {unknown}
 o - a scroll of identify
 q - a scroll of blinking {unknown}
Potions
 f - a potion of mutation
 k - a potion of lignification {unknown}


   Skills:
 + Level 3.0 Dodging
 + Level 3.2 Stealth
 + Level 3.5 Spellcasting
 + Level 1.7 Conjurations
 * Level 2.4 Necromancy
 * Level 3.6 Air Magic


You had 7 spell levels left.
You knew the following spells:

 Your Spells              Type           Power      Damage    Failure   Level
a - Shock                 Conj/Air       56%        1d6       4%          1
b - Static Discharge      Conj/Air       28%        2-4/arc   7%          2

Your spell library contained the following spells:

 Spells                   Type           Power      Damage    Failure   Level
 Swiftness                Air            18%        N/A       9%          3
 Airstrike                Air            9%         2d(2-18)  30%         4


Dungeon Overview and Level Annotations

Branches:
Dungeon (4/15)              Sewer (1/1)
 Temple: D:4-7

Altars:


Message History

The bullfrog is heavily wounded.
Something is struck by an arc of lightning.
The bullfrog is struck by an arc of lightning.
The bullfrog is severely wounded.
The lightning grounds out.
Casting: Static Discharge (safe; 7% risk of failure)
Confirm with . or Enter, or press ? or * to list all spells.
The bullfrog is struck by an arc of lightning.
The bullfrog is almost dead.
The endoplasm is struck by an arc of lightning.
The endoplasm is severely wounded.
The bullfrog is struck by an arc of lightning.
The bullfrog is almost dead.
The lightning grounds out.
The bullfrog barely misses you.
The bullfrog hits you but does no damage.
The bullfrog hits you. x2
Unknown command.
Casting: Static Discharge (safe; 7% risk of failure)
Confirm with . or Enter, or press ? or * to list all spells.
You miscast Static Discharge.
You are very lightly contaminated with residual magic.
Nothing appears to happen.
The bullfrog misses you. The bullfrog closely misses you.
Unknown command.
Casting: Static Discharge (safe; 7% risk of failure)
Confirm with . or Enter, or press ? or * to list all spells.
You don't have enough magic to cast this spell.
Unknown command.
You feel yourself speed up. The bullfrog barely misses you.
The bullfrog hits you. The bullfrog barely misses you. The bullfrog misses you.
The endoplasm freezes you.
You are frozen.
* * * LOW HITPOINT WARNING * * *
Unknown command.
Okay, then.
Okay, then.
You closely miss the bullfrog.
The bullfrog is almost dead.
The bullfrog hits you!
You die...

#..~..#####†~~~~##
#~~~###~.~###~~~~#
##~~##~~.~.~~##~.~#
##~~##†~~††~~~~##~.##
#~~~~~~~~~~.~.~~#~~.#
#.~.†~#######~~~##~~#
#######~###~~~.≈##.~.#†.##
#~~~~.###~~J~.~~≈##~~#.~~#
#~~~.~#.†~@F.~.~~≈#.~##~~#
#~~~~~#.†##F.~?.~≈##..#~~#
#~~#~~#~.# r~$$?.~ #~~#~~#
#†.#~~#..# ~~~)$.~ #~~#.~#
#~~#.##.~# ~~~.?~~ #..#†~#
#.~#.#~~~# ~~~~.~≈ #.~#~.#
#~~#~#∩~~# ~~~~~~≈ #~~#~~#
#~~#.#~~~##≈~~~~≈≈##.~#~.#
#~~#~###~.# #.~##~~#


You could see 2 bullfrogs, an endoplasm and a quokka.

Vanquished Creatures
  An adder (Sewer)
  4 worms
  A dart slug (D:1)
  4 orcs (D:3)
  2 bats
  4 endoplasms
  10 giant cockroaches
  A goblin (D:1)
  2 hobgoblins
  4 kobolds
  9 quokkas
  12 ball pythons
  8 frilled lizards
  A rat (D:3)
63 creatures vanquished.

Notes
Turn   | Place    | Note
-------+----------+-------------------------------------------
     0 | D:1      | suipiss the Deep Elf Air Elementalist began the quest for
                  | the Orb.
     0 | D:1      | Reached XP level 1. HP: 10/10 MP: 6/6
   232 | D:1      | Reached XP level 2. HP: 12/15 MP: 5/8
   336 | D:1      | Reached skill level 1 in Necromancy
  1075 | D:2      | You fall into a shaft and drop 2 floors!
  1079 | D:4      | Learned a level 2 spell: Static Discharge
  1246 | D:3      | Reached XP level 3. HP: 19/19 MP: 9/9
  1523 | D:3      | Found a glowing drain.
  1543 | Sewer    | Entered a sewer
  1737 | Sewer    | Reached XP level 4. HP: 23/24 MP: 4/11
  2196 | Sewer    | Noticed a bullfrog
  2225 | Sewer    | Noticed a bullfrog
  2233 | Sewer    | Slain by a bullfrog

Illustrated notes

Levels and vault maps discovered:
D:1:      evilmike_arrival_rings, layout_loops_ring
D:2:      layout_loops_corners
D:3:      layout_basic, cheibrodos_sewer_entry_bend
D:4:      layout_rooms, mainiacjoe_overflow_surrounded_room,
          lightli_temple_of_fire
Sewer:    sewer_frog_island_02

Skill      XL: |  1  2  3  4 |
---------------+-------------+-----
Necromancy     | 1 2 |  2.4
Stealth        | 3 |  3.2
Dodging        | 3 |  3.0
Spellcasting   | |  3.5
Conjurations   | |  1.7
Air Magic      | |  3.6

Action                     |  1- 3 |  4- 6 || total
---------------------------+-------+-------++-------
  Melee: Short sword       |    50 |     6 ||    56
         Unarmed           |     2 |       ||     2
   Cast: Shock             |    44 |    25 ||    69
         Static Discharge  |    12 |     9 ||    21
    Use: Scroll            |     3 |       ||     3
         Potion            |     1 |     1 ||     2
   Stab: Sleeping          |     3 |       ||     3
 Armour: Robe              |    10 |     3 ||    13
  Dodge: Dodged            |    53 |    14 ||    67
